Map: Acolyte LE

Players

Squeezya - Winner!

  • Race: Protoss Protoss
  • League: Gold
  • Spawn Location: 7:00

Dares

  • Race: Terran Terran
  • League: Gold
  • Spawn Location: 1:00

VOD

Have the link to the VOD?

Description

Time

  • Played on: Sept. 25, 2017, 3:02 p.m.
  • Length: 16:51
Show
View Real Time Build Order
Export as new Build Order

Squeezya Protoss - Winner!

Build Orders: 1 Gate Expand 

Get SALT Encoding   

  12  0:04  Probe (Chrono Boost)  
  13  0:14  Probe (Chrono Boost)  
  13  0:18  Pylon  
  14  0:25  Probe (Chrono Boost)  
  15  0:37  Gateway  
  15  0:40  Probe (Chrono Boost)  
  16  0:45  Assimilator  
  16  0:50  Probe (Chrono Boost)  
  17  1:01  Probe (Chrono Boost)  
  18  1:11  Probe (Chrono Boost)  
  19  1:22  Probe (Chrono Boost)  
  20  1:29  Nexus  
  20  1:34  Probe (Chrono Boost)  
  21  1:44  Probe (Chrono Boost)  
  21  1:46  Cybernetics Core  
  22  1:52  Assimilator  
  22  1:57  Pylon  
  22  2:01  Probe (Chrono Boost)  
  23  2:23  Gateway, Warp Gate  
  23  2:24  Stalker (Chrono Boost)  
  25  2:38  Probe  
  26  2:51  Stalker (Chrono Boost)  
  26  2:53  Gateway  
  28  3:09  Pylon  
  27  3:18  Stalker (Chrono Boost)  
  31  3:20  Stalker (Chrono Boost)  
  31  3:24  Robotics Facility  
  31  3:34  Forge  
  31  3:46  Stalker (Chrono Boost)  
  33  3:52  Probe  
  33  3:54  Probe  
  35  4:03  Probe  
  35  4:06  Probe  
  37  4:12  Observer, Pylon  
  38  4:20  Probe, Mothership Core  
  41  4:28  Pylon  
  41  4:32  Probe  
  40  4:39  Probe  
  40  4:43  Observer  
  42  4:50  Probe  
  43  4:54  Probe  
  43  4:59  Protoss Ground Weapons Level 1 (Chrono Boost)  
  44  5:02  Probe  
  44  5:05  Immortal  
  44  5:06  Probe  
  50  5:14  Probe  
  50  5:17  Pylon  
  50  5:18  Probe  
  52  5:26  Probe, Assimilator  
  53  5:30  Probe, Assimilator  
  54  5:39  Probe  
  54  5:42  Probe  
  56  5:51  Probe  
  57  5:58  Stalker  
  57  5:59  Stalker x2  
  63  6:06  Gateway  
  63  6:08  Gateway  
  63  6:17  Probe x2  
  65  6:24  Immortal  
  65  6:29  Probe x2  
  71  6:34  Stalker x2  
  75  6:41  Probe x2  
  75  6:45  Protoss Ground Armor Level 1 (Chrono Boost)  
  77  7:25  Pylon  
  77  7:31  Pylon  
  77  7:35  Immortal  
  77  7:43  Pylon  
  77  7:46  Pylon  
  77  7:52  Pylon  
  77  7:54  Nexus  
  77  7:56  Assimilator  
  77  7:58  Probe x2  
  79  8:00  Assimilator  
  79  8:09  Warp Prism  
  79  8:10  Probe x2  
  71  8:20  Adept x3  
  77  8:32  Gateway  
  77  8:37  Gateway x2  
  77  8:43  Gateway  
  77  8:44  Gateway  
  77  8:45  Probe x2  
  77  8:46  Gateway  
  79  8:49  Stalker x2, Pylon  
  79  8:50  Stalker  
  79  8:52  Pylon  
  85  8:57  Probe x2  
  87  9:04  Probe  
  87  9:05  Robotics Bay  
  87  9:09  Probe x2  
  90  9:13  Twilight Council  
  90  9:14  Probe  
  91  9:17  Immortal  
  91  9:20  Forge  
  95  9:25  Stalker x3  
  95  9:26  Stalker x2  
  103  9:41  Stalker  
  103  9:42  Stalker x2  
  98  9:54  Probe  
  98  9:55  Probe  
  98  9:56  Probe  
  101  10:03  Extended Thermal Lance (Chrono Boost)  
  101  10:04  Colossus (Chrono Boost)  
  101  10:05  Probe  
  108  10:08  Probe x2  
  108  10:09  Sentry x2  
  108  10:10  Sentry x3  
  120  10:19  Probe  
  120  10:20  Probe x2  
  123  10:25  Protoss Ground Weapons Level 2 (Chrono Boost)  
  123  10:26  Protoss Ground Armor Level 2 (Chrono Boost)  
  123  10:27  Stalker x3  
  129  10:29  Probe  
  129  10:32  Probe x2  
  129  10:34  Pylon  
  132  10:38  Pylon  
  132  10:43  Charge  
  132  10:58  Colossus (Chrono Boost)  
  138  11:09  Robotics Facility  
  138  11:16  Zealot x5  
  138  11:17  Zealot  
  150  11:23  Probe x2  
  150  11:24  Probe  
  153  11:35  Probe  
  153  11:36  Probe x2  
  156  11:45  Colossus (Chrono Boost)  
  162  11:54  Stalker  
  164  12:03  Nexus  
  164  12:08  Pylon  
  164  12:10  Pylon  
  164  12:13  Pylon  
  164  12:17  Pylon  
  164  12:20  Pylon  
  164  12:23  Protoss Ground Weapons Level 3  
  164  12:24  Protoss Ground Armor Level 3  
  164  12:25  Assimilator  
  164  12:27  Assimilator  
  164  12:38  Colossus (Chrono Boost)  
  176  12:45  Colossus (Chrono Boost)  
  176  12:56  Gateway  
  176  12:57  Gateway  
  176  13:00  Gateway  
  176  13:02  Gateway  
  176  13:04  Gateway  
  176  13:05  Gateway  
  176  13:09  Adept x4  
  176  13:10  Adept  
  186  13:25  Colossus (Chrono Boost)  
  142  14:12  Stalker x3  
  142  14:13  Stalker x4  
  142  14:14  Stalker  
  142  14:53  Stalker x3  
  142  14:54  Stalker x3  
  146  15:42  Stalker x5  
  154  15:43  Stalker x3  
  162  15:56  Colossus (Chrono Boost)  
  174  16:03  Colossus (Chrono Boost)  
  174  16:20  Sentry  
  174  16:21  Sentry x3  
  174  16:23  Stalker x6  
  174  16:24  Stalker  
Show
View Real Time Build Order
Export as new Build Order

Dares Terran 

Build Orders:  

Get SALT Encoding   

  12  0:01  SCV  
  13  0:13  SCV  
  14  0:22  Supply Depot  
  14  0:25  SCV  
  15  0:31  Refinery  
  15  0:44  SCV  
  15  0:48  Barracks  
  16  0:56  SCV  
  17  1:08  SCV  
  18  1:20  SCV  
  19  1:32  SCV  
  20  1:36  Command Center  
  20  1:46  Supply Depot  
  20  1:48  Barracks Reactor  
  20  1:58  Orbital Command  
  20  2:25  Factory  
  20  2:26  Marine x2  
  22  2:30  SCV  
  23  2:42  SCV  
  23  2:44  Marine x2  
  26  2:53  Orbital Command  
  26  2:55  SCV  
  26  2:57  Supply Depot  
  26  3:10  Marine x2  
  28  3:19  SCV x2  
  30  3:23  Supply Depot  
  30  3:27  Marine  
  30  3:28  Starport, Marine  
  30  3:31  SCV  
  33  3:43  Cyclone  
  33  3:45  Marine x2  
  38  3:54  SCV x2  
  40  4:01  Refinery  
  40  4:05  Marine x2  
  40  4:06  SCV x2  
  40  4:09  Barracks  
  44  4:12  Starport Reactor  
  44  4:16  Factory Tech Lab  
  44  4:21  SCV  
  44  4:23  Marine x2  
  47  4:33  SCV  
  47  4:40  Marine  
  47  4:41  Marine  
  49  4:46  Supply Depot  
  49  4:55  Medivac x2  
  49  4:58  Marine x2  
  49  4:59  Barracks Tech Lab  
  55  5:02  Barracks  
  55  5:16  Marine x2  
  55  5:17  SCV x2  
  59  5:29  SCV x2, Supply Depot  
  59  5:30  Combat Shields  
  59  5:34  Marine x2  
  63  5:52  Marine x2  
  65  6:07  Medivac x2  
  65  6:09  Marine  
  65  6:10  Marine  
  71  6:11  Barracks Tech Lab  
  71  6:14  Marine  
  71  6:15  Barracks  
  72  6:27  Marine  
  72  6:28  Marine  
  72  6:32  Marauder  
  76  6:38  Supply Depot  
  76  6:50  Liberator  
  56  7:02  Marauder x2, Marine x2  
  56  7:05  Siege Tank  
  68  7:14  SCV x2  
  70  7:18  Refinery  
  70  7:20  Marine x2  
  72  7:26  SCV  
  72  7:28  Stimpack  
  72  7:29  Engineering Bay  
  72  7:48  Marine x3  
  72  7:50  Medivac  
  77  7:58  Command Center  
  77  8:01  Marine  
  78  8:06  Marine x2  
  78  8:07  Refinery, Marauder  
  77  8:20  Marine  
  77  8:23  Marine  
  77  8:24  Marine  
  80  8:27  Marine  
  81  8:38  Marine  
  82  8:41  Marine x2  
  82  8:46  Marauder  
  86  8:54  Barracks Reactor  
  86  9:07  Supply Depot  
  86  9:09  Marine x2  
  86  9:10  Marauder, Marine, Siege Tank  
  86  9:15  Supply Depot  
  86  9:16  Orbital Command  
  94  9:19  SCV x2  
  96  9:27  Marine  
  97  9:31  SCV  
  95  9:48  SCV  
  95  9:49  SCV x2  
  97  9:56  Marine x2  
  97  9:57  Marine x3  
  97  9:58  Marauder  
  98  10:00  SCV  
  98  10:01  SCV x2  
  98  10:03  Supply Depot  
  101  10:13  SCV x3  
  104  10:14  Marine x2  
  104  10:15  Marauder, Marine  
  104  10:16  Marine  
  104  10:19  Marauder, Concussive Shells  
  112  10:21  Terran Infantry Weapons Level 1  
  112  10:28  Armory  
  112  10:30  Engineering Bay  
  112  10:31  SCV x3  
  112  10:32  Marine  
  112  10:34  Marine  
  112  10:35  Marine x2  
  119  10:36  Marine  
  119  10:38  Medivac x2  
  119  10:40  Marine  
  125  10:45  Supply Depot  
  125  10:48  Supply Depot  
  125  10:50  Supply Depot  
  125  10:57  SCV x2, Marine  
  125  10:58  Marauder  
  125  10:59  Marauder  
  125  11:02  Terran Infantry Armor Level 1, Supply Depot  
  132  11:04  Marine  
  132  11:07  Marine x2  
  132  11:10  SCV  
  132  11:11  Supply Depot  
  136  11:14  Supply Depot  
  136  11:15  Marine  
  136  11:17  Supply Depot  
  137  11:22  Viking  
  137  11:23  Viking  
  141  11:28  Terran Ship Weapons Level 1  
  141  11:33  Supply Depot  
  141  11:41  Supply Depot  
  141  11:43  Starport  
  141  11:52  Viking  
  141  11:53  Viking  
  145  12:00  Siege Tank  
  148  12:06  Supply Depot  
  148  12:07  Command Center  
  148  12:15  Marine x4  
  150  12:16  Marine, Factory  
  150  12:17  Marauder  
  150  12:21  Terran Infantry Weapons Level 2  
  155  12:22  Medivac x2  
  159  12:33  Starport Reactor  
  159  12:34  Marauder  
  161  12:47  Barracks  
  161  12:57  Marine x3  
  161  12:58  Marine x2  
  166  13:15  Missile Turret  
  162  13:21  Marine x4  
  162  13:22  Marine  
  161  13:45  Marine x4  
  165  13:59  Refinery  
  114  14:10  Marine x4  
  114  14:11  Marine x3  
  103  14:28  Marine x4  
  103  14:43  Viking x2  
  103  14:44  Barracks Reactor  
  103  14:45  Marine x3  
  107  14:46  Marine x3  
  92  15:03  Marauder x2  
  64  15:23  Marine x6  
  64  15:24  Marauder x2  
  67  15:31  Medivac x2  
  67  15:33  Viking  
  67  15:34  Viking  
  75  15:36  Orbital Command  
  75  15:41  Marine x6  
  81  15:46  Marauder x2  
  85  15:53  Factory Tech Lab  
  85  15:58  Marine  
  85  15:59  Marine x5  
  91  16:07  Marine x2  
Tags
 
League
GoldGold
Matchup
PvT
Spawn Locations
Cross Positions
Add a new tag
Caveats
  • Supply blocks, unpowered buildings, or Contaminate may cause inaccurate times.
  • Supply counts are checked every 10 seconds.